 Dungeon Crawl Stone Soup version 0.25-a0-164-gb55e97dba5 (webtiles) character file.

Game seed: 17435542982102123540, levelgen mode: deterministic

63 MisterFreud the Scratcher (level 3, -2/18 HPs)
             Began as a Felid Wanderer on Nov 22, 2019.
             Slain by Natasha (6 damage)
             ... on level 3 of the Dungeon.
             The game lasted 00:02:10 (1530 turns).

MisterFreud the Scratcher (Felid Wanderer)          Turns: 1530, Time: 00:02:11

Health: -2/18      AC:  1    Str: 11    XL:     3   Next: 89%
Magic:  4/4        EV: 15    Int: 12    God:
Gold:   49         SH:  0    Dex: 14    Spells: 2/2 levels left
                                        Lives:  0   Deaths: 0

rFire    . . .     SeeInvis +     - Unarmed
rCold    . . .     Gourm    .   (shield unavailable)
rNeg     . . .     Faith    .   (armour unavailable)
rPois    .         Spirit   .   (helmet unavailable)
rElec    .         Reflect  .   (cloak unavailable)
rCorr    .         Harm     .   (gloves unavailable)
MR       .....                  (boots unavailable)
Stlth    +++.......             (no amulet)
HPRegen  0.06/turn              (no ring)
MPRegen  0.09/turn              (no ring)

@: slowed, slow
A: very small, no armour, no weapons or thrown items, stealth, claws 1, fangs 3,
see invisible, carnivore, speed 1, shaggy fur 1, slow metabolism 1, sharp paws
a: no special abilities


You were on level 3 of the Dungeon.
You were completely stuffed.

You visited 1 branch of the dungeon, and saw 3 of its levels.

You collected 49 gold pieces.

Inventory:

Scrolls
 e - a scroll of fear {unknown}
 f - a scroll of identify {unknown}
 g - a scroll of random uselessness {unknown}
 i - 2 scrolls of teleportation {unknown}
Potions
 a - a potion of haste
 b - a potion of lignification
 c - a potion of curing
 h - a potion of flight {unknown}
 j - a potion of heal wounds {unknown}
Comestibles
 d - 4 rations


   Skills:
 + Level 4.2 Fighting
 - Level 4.0 Stealth
 - Level 5.0 Unarmed Combat


You had 2 spell levels left.
You didn't know any spells.
Your spell library was empty.

Dungeon Overview and Level Annotations

Branches:
Dungeon (3/15)

Altars:
Trog

Annotations:
D:3 Natasha


Innate Abilities, Weirdness & Mutations

You cannot wear armour.
You are incapable of wielding weapons or throwing items.
Your paws allow you to move quietly. (Stealth)
You have sharp claws.
You have razor-sharp teeth.
You have supernaturally acute eyesight. (SInv)
You are carnivorous and can eat meat at any time.
You cover ground quickly.
You are covered in fur. (AC +1)
You have a slow metabolism.
Your sharp claws are effective at attacking unaware monsters.


Message History

Natasha stares at you and mumbles some strange words.
The magic dart hits you.
You closely miss Natasha.
Natasha is moderately wounded.
Natasha misses you.
You closely miss Natasha. You bite Natasha.
Natasha is severely wounded.
Natasha claws you.
Natasha stares at you and mumbles some strange words.
The magic dart hits you!
You are too injured to fight recklessly!
You are too injured to fight recklessly!
You closely miss Natasha. Your bite misses Natasha.
Natasha is severely wounded.
Natasha claws you.
* * * LOW HITPOINT WARNING * * *
You closely miss Natasha.
Natasha is severely wounded.
Natasha claws you.
You die...

### #..##### ###
#.##...# ##.####
#.##._.###.....
#.###.##...# .....
#.....<#.ยง.# ...
#####.##...# #h#
#.....##.## #@#
#.##.###.# #.# #
#..###.# ##'##
#.###..# ##...##
#.###.####.....##
#.#..##.###.......##
#.......##.........#
...........'.........+
#####...####.........#


You could see Natasha.

Vanquished Creatures
  2 adders (D:2)
  A dart slug (D:2)
  3 leopard geckos
  2 ball pythons (D:2)
  3 bats
  6 goblins
  4 hobgoblins
  5 jackals
  A quokka (D:2)
  A frilled lizard (D:2)
  2 kobolds
  8 rats
38 creatures vanquished.

Notes
Turn   | Place    | Note
-------+----------+-------------------------------------------
     0 | D:1      | MisterFreud the Felid Wanderer began the quest for the Orb.
     0 | D:1      | MisterFreud set off with the following items: a potion of
                  | haste, a potion of lignification, a potion of curing, a
                  | ration
     0 | D:1      | Reached XP level 1. HP: 9/9 MP: 2/2
   215 | D:1      | Reached XP level 2. HP: 13/13 MP: 3/3
  1157 | D:2      | Reached XP level 3. HP: 17/17 MP: 4/4
  1499 | D:3      | Found a bloodstained altar of Trog.
  1522 | D:3      | Noticed Natasha
  1530 | D:3      | Slain by Natasha

Levels and vault maps discovered:
D:1:      saegor_arrival_simple_a, layout_loops_corners
D:2:      layout_loops_cross
D:3:      layout_loops_corners, nicolae_ashenzari_panopticon,
          lemuel_coloured_pillars_altar, ebering_ghost_reflecting_pool,
          first_ration, trog_book, uniq_natasha

Skill      XL: |  1  2  3 |
---------------+----------+-----
Fighting       | 3 4 |  4.2
Stealth        | |  4.0
Unarmed Combat | |  5.0

Action                   || total
-------------------------++-------
Melee: Unarmed           ||    69
       Bite              ||     6
 Stab: Sleeping          ||    14
  Eat: Chunk             ||     8
Armor: Skin              ||     1
Dodge: Dodged            ||    27

Table legend:
 A = Non-vault XP
 B = Vault XP
 C = Vault XP percentage of total XP
 D = Non-vault monster count
 E = Vault monster count
 F = Vault count percentage of total count
                 A         B        C        D         E       F
            +---------+---------+-------+---------+---------+-------
      Total |      91 |       0 |   0.0 |      38 |       0 |   0.0
            +---------+---------+-------+---------+---------+-------
        D:1 |      21 |       0 |   0.0 |      13 |       0 |   0.0
        D:2 |      70 |       0 |   0.0 |      25 |       0 |   0.0
            +---------+---------+-------+---------+---------+-------
